[Event "Titled Tuesday Blitz January 18 2022"]
[White "Artemenko, Oleg"]
[Black "Kovalev, Vladislav"]
[WhiteFideId "14201798"]
[BlackFideId "13504398"]
[WhiteElo "2287"]
[BlackElo "2530"]
[Result "1/2-1/2"]
[Round "03"]
[TimeControl "180+1"]
[Date "2022.01.18"]
[WhiteClock "0:00:19"]
[BlackClock "0:00:51"]

1. d4 Nf6 2. Nc3 d5 3. Bf4 a6 4. e3 b5 5. Nf3 Bb7 6. Ne5 e6 7. Ne2 c5 8. c3 Nbd7 9. Ng3 Nxe5 10. Bxe5 Nd7 11. Bd3 f6 12. Bf4 g5 13. Qh5+ Ke7 14. Bxg5 fxg5 15. Qxg5+ Kd6 16. Qf4+ Kc6 17. e4 Qf6 18. exd5+ exd5 19. Nf5 Bd6 20. Qxd6+ Qxd6 21. Nxd6 Kxd6 22. Kd2 cxd4 23. cxd4 h5 24. Rae1 Rhg8 25. g3 Raf8 26. f4 Nf6 27. Re5 h4 28. Rhe1 hxg3 29. Re6+ Kc7 30. hxg3 Rxg3 31. Re7+ Kb8 32. R1e6 Bc8 33. Rb6+ Ka8 34. a4 Ne4+ 35. Bxe4 dxe4 36. axb5 Rxf4 37. Rc6 Bb7 38. Re8+ Bc8 39. Rexc8+ Kb7 40. bxa6+ Ka7 41. R8c7+ Ka8 42. Re7 Rf2+ 43. Ke1 Rxb2 44. Rc8+ Rb8 45. Rxb8+ Kxb8 46. Rxe4 Rg6 47. Ke2 Rxa6 48. Re7 Kc8 49. Ke3 Kd8 50. Rh7 Rg6 51. Ke4 Ra6 52. Kd5 Rg6 53. Kc5 Rg5+ 54. d5 Rg6 55. Ra7 Rf6 56. Rg7 Rh6 57. Rg4 Rf6 58. Kd4 Ra6 59. Ke5 Rb6 60. Rg7 Rh6 61. Ra7 Rg6 62. d6 Rg1 63. Kd5 Rd1+ 64. Ke5 Re1+ 65. Kd5 Rd1+ 66. Ke5 Re1+ 67. Kd5 Rd1+ 1/2-1/2


[Site "https://www.chess.com"]

[Event "Titled Tuesday Blitz January 18 2022"]
[White "Azadaliyev, Jahandar"]
[Black "Bettalli, Francesco"]
[WhiteFideId "13425811"]
[BlackFideId "2816453"]
[WhiteElo "1795"]
[BlackElo "2216"]
[Result "1-0"]
[Round "03"]
[TimeControl "180+1"]
[Date "2022.01.18"]
[WhiteClock "0:01:40"]
[BlackClock "0:00:01"]

1. d4 Nf6 2. c4 c5 3. d5 b5 4. a4 b4 5. Nf3 d6 6. Nbd2 g6 7. g3 Bg7 8. Bg2 O-O 9. O-O a5 10. e4 Nbd7 11. Re1 Re8 12. e5 dxe5 13. Nxe5 Nxe5 14. Rxe5 Nd7 15. Re1 Bb7 16. Nb3 Qb6 17. Qg4 f5 18. Qd1 Ne5 19. Qc2 e6 20. Bf4 exd5 21. cxd5 Rac8 22. Nd2 c4 23. Bxe5 Bxe5 24. Nxc4 Qd4 25. Rac1 Bxd5 26. Red1 Bxc4 27. Rxd4 Bxd4 28. Qd2 Bf6 29. Rxc4 Rcd8 30. Bd5+ Kh8 31. Rc7 Bg7 32. Qd3 Re5 33. Rc5 Bf8 34. Qd4 Bg7 35. Qc4 f4 36. gxf4 Rf5 37. Be6 1-0


[Site "https://www.chess.com"]

[Event "Titled Tuesday Blitz January 18 2022"]
[White "Babazada, Khazar"]
[Black "Martinez Ramirez, Lennis"]
[WhiteFideId "13413554"]
[BlackFideId "3509079"]
[WhiteElo "2418"]
[BlackElo "2374"]
[Result "1-0"]
[Round "03"]
[TimeControl "180+1"]
[Date "2022.01.18"]
[WhiteClock "0:00:07"]
[BlackClock "0:00:03"]

1. e4 c6 2. d4 d5 3. Nc3 dxe4 4. Nxe4 Nf6 5. Nxf6+ exf6 6. c3 Bd6 7. Bd3 O-O 8. Be2 Re8 9. Nf3 Bg4 10. O-O Bc7 11. h3 Bh5 12. Re1 Qd6 13. g3 Qd7 14. Kg2 Na6 15. Bd2 Bg6 16. Bc4 b5 17. Bb3 c5 18. Be3 Be4 19. Kh2 Rad8 20. Qe2 Bb7 21. Rad1 c4 22. Bc2 Qd5 23. Nh4 g6 24. Rg1 Bd6 25. a3 f5 26. Nxf5 gxf5 27. Qh5 Qf3 28. Qg5+ Kf8 29. Rde1 Be4 30. Bd1 Qxd1 31. Rxd1 Nc7 32. Qh6+ Kg8 33. Bg5 Bf8 34. Qh4 Rd6 35. Rde1 Rg6 36. Bf4 Nd5 37. f3 Be7 38. Qh5 Nf6 39. Qh4 Bxf3 40. Rxe7 Rxe7 41. Be5 Re6 42. Rf1 Be4 43. Qf4 Nh5 44. Qf2 h6 45. g4 Ng7 46. Qf4 h5 47. g5 f6 48. h4 fxe5 49. dxe5 Ne8 50. Rd1 Rg7 51. Rd8 Rge7 52. Qd2 Rxe5 53. g6 R5e6 54. Qh6 f4 55. Rxe8+ Rxe8 56. Qh7+ Kf8 57. Qf7# 1-0


[Site "https://www.chess.com"]

[Event "Titled Tuesday Blitz January 18 2022"]
[White "Bacrot, Etienne"]
[Black "Guliev, Logman"]
[WhiteFideId "605506"]
[BlackFideId "13400061"]
[WhiteElo "2673"]
[BlackElo "2128"]
[Result "1-0"]
[Round "03"]
[TimeControl "180+1"]
[Date "2022.01.18"]
[WhiteClock "0:00:44"]
[BlackClock "0:00:45"]

1. d4 Nf6 2. Bg5 e6 3. e4 h6 4. Bxf6 Qxf6 5. Nf3 Qd8 6. Bb5 c5 7. d5 a6 8. Be2 d6 9. O-O e5 10. a4 Be7 11. a5 O-O 12. Nfd2 f5 13. exf5 Bxf5 14. Nc4 Nd7 15. Nc3 Qe8 16. Bd3 Qg6 17. Bxf5 Rxf5 18. Qd3 Raf8 19. Rae1 Nf6 20. Re3 Ng4 21. Rf3 Qh5 22. Rh3 Qg5 23. Ne4 Qg6 24. Rg3 Rf4 25. f3 Qh5 26. Rxg4 1-0


[Site "https://www.chess.com"]

[Event "Titled Tuesday Blitz January 18 2022"]
[White "Balabayeva, Xeniya"]
[Black "Shkapenko, Pavel"]
[WhiteFideId "13719688"]
[BlackFideId "4151933"]
[WhiteElo "1940"]
[BlackElo "2386"]
[Result "0-1"]
[Round "03"]
[TimeControl "180+1"]
[Date "2022.01.18"]
[WhiteClock "0:00:04"]
[BlackClock "0:01:41"]

1. e4 e5 2. Nf3 Nc6 3. Bb5 Bc5 4. O-O d6 5. c3 Bd7 6. d4 Bb6 7. a4 a6 8. Bc4 Nf6 9. Re1 Bg4 10. d5 Ne7 11. Be3 Bxe3 12. Rxe3 Ng6 13. Nbd2 Nf4 14. h3 Bd7 15. Nf1 N6h5 16. Ng3 Qe7 17. b4 O-O 18. a5 g6 19. Nh2 Nxg2 20. Kxg2 Nf4+ 21. Kg1 Nxh3+ 22. Kf1 f5 0-1


[Site "https://www.chess.com"]

[Event "Titled Tuesday Blitz January 18 2022"]
[White "Bortnyk, Olexandr"]
[Black "Girya, Olga"]
[WhiteFideId "14120828"]
[BlackFideId "4195752"]
[WhiteElo "2723"]
[BlackElo "2275"]
[Result "1-0"]
[Round "03"]
[TimeControl "180+1"]
[Date "2022.01.18"]
[WhiteClock "0:00:37"]
[BlackClock "0:00:01"]

1. e4 e5 2. Nf3 Nc6 3. Bc4 Bc5 4. c3 Nf6 5. d4 exd4 6. cxd4 Bb4+ 7. Nbd2 Bxd2+ 8. Bxd2 d5 9. exd5 Nxd5 10. O-O O-O 11. h3 Nce7 12. Bg5 c6 13. Qb3 f6 14. Bh4 Kh8 15. Rfe1 Qb6 16. Qa3 Qd8 17. Bd3 Bf5 18. Bc4 Bg6 19. Bg3 Nf5 20. Bh2 Qd7 21. Re2 Rfe8 22. Rae1 Rxe2 23. Rxe2 b5 24. Bd3 Nfe7 25. Bxg6 Nxg6 26. Bg3 a5 27. Qc5 Re8 28. Rc2 Re6 29. a4 bxa4 30. Qxa5 Ngf4 31. Bxf4 Nxf4 32. Qxa4 h6 33. Qa5 Qd5 34. Rc5 Nxh3+ 35. Kh2 1-0


[Site "https://www.chess.com"]

[Event "Titled Tuesday Blitz January 18 2022"]
[White "Brunner, Nicolas"]
[Black "Shipov, Sergei"]
[WhiteFideId "620246"]
[BlackFideId "4113624"]
[WhiteElo "2372"]
[BlackElo "2789"]
[Result "1/2-1/2"]
[Round "03"]
[TimeControl "180+1"]
[Date "2022.01.18"]
[WhiteClock "0:00:02"]
[BlackClock "0:00:19"]

1. d4 Nf6 2. c4 c5 3. d5 b5 4. cxb5 a6 5. b6 d6 6. Nc3 Nbd7 7. e4 Rb8 8. Nf3 g6 9. Be2 Bg7 10. O-O O-O 11. a4 Rxb6 12. Nd2 Rb4 13. Nc4 Nb6 14. Na5 Nxe4 15. Nc6 Qc7 16. Nxb4 Nxc3 17. bxc3 cxb4 18. a5 Nd7 19. Bg5 Bxc3 20. Rc1 Nc5 21. Bh6 Re8 22. Rxc3 bxc3 23. Qd4 e5 24. Qxc3 Bb7 25. Bf3 f6 26. Rb1 Rc8 27. Rb6 Kf7 28. g4 Nd7 29. Qxc7 Rxc7 30. Rxd6 g5 31. Be4 Nc5 32. Bxh7 Rd7 33. Rxd7+ Nxd7 34. d6 Bf3 35. Bf5 Nc5 36. d7 Nb7 37. h4 gxh4 38. Kh2 Ke7 39. Kh3 Bc6 40. Kxh4 Bxd7 41. Bd3 Nxa5 42. Bxa6 Nc6 43. f4 Nd4 44. fxe5 Nf3+ 45. Kg3 Nxe5 46. g5 f5 47. Bg7 Ng6 48. Bf6+ Kd6 49. Bd3 Be6 50. Bc2 Kd5 51. Bb3+ Kd6 52. Bc2 Bd7 53. Bb1 Ke6 54. Ba2+ Kd6 55. Bb1 Bc8 56. Bc2 Kd5 57. Bb3+ Ke4 58. Bc2+ Ke3 59. Bd8 f4+ 60. Kh2 Ne5 61. Bb6+ Kd2 62. Be4 Be6 63. g6 Ng4+ 64. Kg1 Nf6 65. Bc6 Ke2 66. g7 Nh5 67. Bd4 f3 68. Bb5+ Ke1 69. Bc6 Nxg7 70. Bxf3 Nf5 71. Bf2+ Kd2 72. Bg4 Ng7 73. Bxe6 Nxe6 1/2-1/2


[Site "https://www.chess.com"]

[Event "Titled Tuesday Blitz January 18 2022"]
[White "Bryakin, Mikhail"]
[Black "Chen, Justin"]
[WhiteFideId "4165314"]
[BlackFideId "2098199"]
[WhiteElo "2421"]
[BlackElo "2505"]
[Result "1-0"]
[Round "03"]
[TimeControl "180+1"]
[Date "2022.01.18"]
[WhiteClock "0:01:36"]
[BlackClock "0:00:01"]

1. e4 e6 2. Qe2 c5 3. Nc3 Nc6 4. g3 g6 5. Nf3 Bg7 6. Bg2 Nge7 7. O-O O-O 8. Rd1 Nd4 9. Nxd4 cxd4 10. Nb5 e5 11. Nd6 Qc7 12. Nxc8 Raxc8 13. c3 Nc6 14. b3 Rfe8 15. Bb2 Qd6 16. c4 h5 17. d3 Bh6 18. a3 a5 19. Rf1 Re6 20. Qd1 Rf6 21. Bc1 Bxc1 22. Qxc1 Kg7 23. f4 h4 24. f5 hxg3 25. hxg3 Rh8 26. Qg5 Qe7 27. Qg4 Rh5 28. Bf3 Rh8 29. Kg2 Qf8 30. Rh1 Ne7 31. Rxh8 Kxh8 32. Rh1+ Kg8 33. Qh4 Qg7 34. fxg6 Nxg6 35. Qg5 Kf8 36. Bg4 Ke8 37. Bf5 Qf8 38. Qxf6 1-0


[Site "https://www.chess.com"]

[Event "Titled Tuesday Blitz January 18 2022"]
[White "Chigaev, Maksim"]
[Black "Panesar Vedant"]
[WhiteFideId "4108116"]
[BlackFideId "35033018"]
[WhiteElo "2502"]
[BlackElo "1971"]
[Result "1-0"]
[Round "03"]
[TimeControl "180+1"]
[Date "2022.01.18"]
[WhiteClock "0:00:15"]
[BlackClock "0:00:04"]

1. d4 Nf6 2. Nf3 Ng8 3. e4 c6 4. Nc3 d5 5. e5 Bg4 6. h3 Bxf3 7. Qxf3 e6 8. Be3 Qb6 9. O-O-O Na6 10. g4 Bb4 11. Ne2 Qa5 12. Kb1 Nc7 13. c3 Be7 14. Ng3 b5 15. h4 b4 16. c4 Rb8 17. b3 Qb6 18. Nh5 Bf8 19. Bd3 a5 20. Nf4 a4 21. Kc2 Ra8 22. Ra1 Ne7 23. h5 h6 24. Kd2 Nc8 25. Rhc1 Be7 26. Ke2 axb3 27. axb3 Ra3 28. Rab1 Na7 29. Kf1 O-O 30. Kg2 Bg5 31. cxd5 Bxf4 32. Qe4 f5 33. exf6 Rxf6 34. Bxf4 Nxd5 35. Qh7+ Kf8 36. Bd6+ Ke8 37. Qxg7 Ra2 38. Bg6+ Kd8 39. Be7+ Nxe7 40. Qxf6 Nb5 41. Re1 Nxd4 42. Rbd1 c5 43. Rxe6 Qb7+ 44. Be4 Qd7 45. Qf8+ Qe8 46. Rd6+ Kc7 47. Qxe8 1-0


[Site "https://www.chess.com"]

[Event "Titled Tuesday Blitz January 18 2022"]
[White "Claridge-Hansen, William"]
[Black "Visakh N R"]
[WhiteFideId "422509"]
[BlackFideId "25012223"]
[WhiteElo "2261"]
[BlackElo "2454"]
[Result "1/2-1/2"]
[Round "03"]
[TimeControl "180+1"]
[Date "2022.01.18"]
[WhiteClock "0:00:10"]
[BlackClock "0:00:05"]

1. c4 c5 2. g3 Nc6 3. Bg2 g6 4. Nc3 Bg7 5. Nf3 Nf6 6. d4 cxd4 7. Nxd4 O-O 8. O-O d6 9. Nxc6 bxc6 10. Bxc6 Rb8 11. Bg2 Qa5 12. Qd2 Ba6 13. b3 Nd7 14. Bb2 Bxc4 15. bxc4 Rxb2 16. Qxb2 Bxc3 17. Qb7 Bxa1 18. Qxd7 Bf6 19. a4 Rb8 20. h4 Kg7 21. Bf3 h5 22. Rd1 Rb4 23. Rd5 Qxa4 24. Qxa4 Rxa4 25. c5 dxc5 26. Rxc5 a5 27. Kg2 Ra1 28. Rc7 a4 29. Ra7 e6 30. Bc6 Kf8 31. Rxa4 Rc1 32. Ra8+ Kg7 33. Bf3 Rc7 34. Rb8 Bd4 35. Rb7 Rc2 36. Rd7 Bb6 37. Rb7 Bc7 38. Be4 Rxe2 39. Kf3 Rxe4 40. Kxe4 Bd8 41. f3 Ba5 42. Rb5 Be1 43. Kf4 Kf6 44. g4 hxg4 45. Kxg4 Kg7 46. h5 gxh5+ 47. Rxh5 Kf6 48. Rh1 Bb4 49. Rb1 Bd6 50. Rb5 Bc7 51. Rb7 Bd6 52. f4 Bf8 53. Kf3 Bd6 54. Rb5 Ke7 55. Ke4 f5+ 56. Ke3 Kf6 57. Kf3 Bc7 58. Rc5 Bd6 59. Rc6 Ke7 60. Ra6 Kd7 61. Ra4 Ke7 62. Kg3 Kf6 63. Kh4 Bc5 64. Kh5 Be3 65. Rb4 Bf2 66. Ra4 Be3 67. Kh4 Bd2 68. Kg3 Be1+ 69. Kf3 Bd2 70. Rc4 Ba5 71. Rc6 Bb4 72. Ke3 Ba5 73. Rc4 Bb6+ 74. Kd3 Ba7 75. Ra4 Bb8 76. Ke3 Bc7 77. Rc4 Bd6 78. Kd3 Bb8 79. Kc3 Kg6 80. Rc6 Kf7 81. Rc4 Kg6 82. Kd3 Kf6 83. Ke3 Ba7+ 84. Kf3 Bb8 85. Rc8 Bd6 86. Ra8 Bb4 87. Ra6 Bd2 88. Rb6 Bc1 89. Rb3 Bd2 90. Ra3 Bb4 91. Ra8 Bd6 92. Ra6 Bc7 93. Kg3 Bb8 94. Rc6 Ba7 95. Rc4 Bb8 96. Kh4 Bd6 97. Kh5 Bf8 98. Rc8 Bd6 99. Rc4 Bf8 100. Kh4 Ba3 101. Kg3 Bc1 102. Ra4 Bd2 103. Kf3 Bc3 104. Ra6 Bd4 105. Ra8 Bc5 1/2-1/2


[Site "https://www.chess.com"]

[Event "Titled Tuesday Blitz January 18 2022"]
[White "Costachi, Mihnea"]
[Black "Swicarz, Maciej"]
[WhiteFideId "1217518"]
[BlackFideId "1113585"]
[WhiteElo "2464"]
[BlackElo "2063"]
[Result "1-0"]
[Round "03"]
[TimeControl "180+1"]
[Date "2022.01.18"]
[WhiteClock "0:01:50"]
[BlackClock "0:01:00"]

1. e4 c5 2. Nf3 d6 3. Bc4 e6 4. O-O Nf6 5. Re1 Nc6 6. c3 Be7 7. d4 cxd4 8. cxd4 d5 9. exd5 exd5 10. Bd3 O-O 11. h3 Bb4 12. Nc3 Re8 13. Bg5 Rxe1+ 14. Qxe1 Be6 15. Qe3 Be7 16. Re1 Qb6 17. b3 Qa5 18. Bb1 Rc8 19. Ne2 Nb4 20. Nf4 Rc6 21. Ne5 Ra6 22. Nxf7 Kxf7 23. Nxe6 Nxa2 24. Bxf6 Bxf6 25. Ng5+ Bxg5 26. Qe8+ Kf6 27. Qf8# 1-0


[Site "https://www.chess.com"]

[Event "Titled Tuesday Blitz January 18 2022"]
[White "Deac, Bogdan-Daniel"]
[Black "Wagner, Dennis"]
[WhiteFideId "1226380"]
[BlackFideId "24650684"]
[WhiteElo "2646"]
[BlackElo "2355"]
[Result "1-0"]
[Round "03"]
[TimeControl "180+1"]
[Date "2022.01.18"]
[WhiteClock "0:00:15"]
[BlackClock "0:00:10"]

1. d4 Nf6 2. c4 e6 3. Nf3 d5 4. g3 Bb4+ 5. Bd2 Be7 6. Bg2 O-O 7. Bf4 dxc4 8. Qc2 Nd5 9. Qxc4 Nxf4 10. gxf4 c5 11. dxc5 Qa5+ 12. b4 Qc7 13. Nc3 a5 14. Nb5 Qd8 15. Rd1 Nd7 16. a3 axb4 17. axb4 Ra4 18. Nc3 Ra6 19. O-O Qc7 20. Nb5 Qb8 21. Rd2 Nf6 22. Rfd1 Nd5 23. Ne5 f6 24. Nd3 Kh8 25. f5 Nc7 26. Nxc7 Qxc7 27. fxe6 Bxe6 28. Qe4 Bc8 29. Nf4 f5 30. Qc4 Bg5 31. e3 Bxf4 32. Qxf4 Qxf4 33. exf4 Ra4 34. Rd8 Rg8 35. Rxg8+ Kxg8 36. Rd8+ Kf7 37. Rxc8 Rxb4 38. Rc7+ Kf6 39. Rxb7 Rxf4 40. c6 Rc4 41. Bd5 Rc1+ 42. Kg2 Ke5 43. Rd7 g5 44. c7 g4 45. Bb7 f4 46. c8=Q f3+ 47. Kg3 Rg1+ 48. Kh4 Rg2 49. Qe8+ Kf4 50. Rf7# 1-0


[Site "https://www.chess.com"]

[Event "Titled Tuesday Blitz January 18 2022"]
[White "Demchenko, Anton"]
[Black "Klimkowski, Jan"]
[WhiteFideId "4160258"]
[BlackFideId "21856222"]
[WhiteElo "2539"]
[BlackElo "2172"]
[Result "1-0"]
[Round "03"]
[TimeControl "180+1"]
[Date "2022.01.18"]
[WhiteClock "0:00:05"]
[BlackClock "0:00:08"]

1. e4 c5 2. Nf3 d6 3. d4 cxd4 4. Qxd4 Nc6 5. Qe3 g6 6. h3 Bg7 7. Bc4 Nf6 8. O-O O-O 9. Nc3 a6 10. a4 Qc7 11. Qe2 Bd7 12. Rd1 Rac8 13. Bg5 Nb4 14. Bb3 h6 15. Bxf6 Bxf6 16. e5 dxe5 17. Qe4 a5 18. Qxg6+ Bg7 19. Qh5 Bc6 20. Nb5 Bxb5 21. axb5 e4 22. Nh4 e6 23. Qg4 e3 24. fxe3 Qe5 25. Rd7 Nxc2 26. Bxc2 Rxc2 27. Rxb7 Qxe3+ 28. Kh1 Rfc8 29. Nf3 Rxb2 30. Re1 Re2 31. Rf1 Rf2 32. Rxf2 Qxf2 33. Kh2 Qe3 34. b6 a4 35. Rc7 Rd8 36. b7 Kh7 37. Rxf7 Rg8 38. Qxa4 Kh8 39. Qf4 Qxf4+ 40. Rxf4 Rb8 41. Rf7 Bf8 42. Rd7 Kg8 43. Nd4 e5 44. Nc6 e4 45. Nxb8 e3 46. Kg1 Bc5 47. Kf1 1-0


[Site "https://www.chess.com"]

[Event "Titled Tuesday Blitz January 18 2022"]
[White "Djordjevic, Vuk"]
[Black "Kalogridis, Antonios"]
[WhiteFideId "902098"]
[BlackFideId "25833901"]
[WhiteElo "2463"]
[BlackElo "1495"]
[Result "1-0"]
[Round "03"]
[TimeControl "180+1"]
[Date "2022.01.18"]
[WhiteClock "0:00:12"]
[BlackClock "0:00:06"]

1. d3 Nf6 2. Nf3 d5 3. g3 c5 4. Bg2 Nc6 5. O-O g6 6. Nbd2 Bg7 7. e4 O-O 8. exd5 Nxd5 9. Re1 b6 10. Nc4 Bb7 11. c3 Re8 12. h4 h5 13. Qc2 Qc7 14. Bg5 e5 15. Nfd2 Rad8 16. Bxd8 Rxd8 17. Ne4 b5 18. Ne3 Nce7 19. a4 Nxe3 20. Rxe3 Nf5 21. Re2 b4 22. a5 Ba6 23. Rd2 Bf8 24. cxb4 Nd4 25. Qc3 Qb8 26. Nxc5 Bxc5 27. bxc5 Rc8 28. c6 Bb5 29. Qb4 a6 30. Rc1 Qa7 31. Qc5 Qc7 32. Qb6 Nb3 33. Qxc7 Rxc7 34. Rcc2 Nxd2 35. Rxd2 Kf8 36. Rc2 Ke7 37. Rc5 Kd6 38. d4 exd4 39. Rd5+ Ke6 40. Rxd4 Bxc6 41. Rc4 Kd6 42. Bf1 Bb7 43. Rb4 Bc8 44. f4 Rc2 45. Rb6+ Kc5 46. b4+ Kd4 47. Bxa6 Ke3 48. Bxc8 Kf3 49. Bh3 Rc1+ 50. Bf1 Rc2 51. Rd6 Kg4 52. Rd3 Rc7 53. f5 gxf5 54. b5 f4 55. gxf4 Kxf4 56. b6 Rc6 57. Rd4+ Ke3 58. Rc4 Rg6+ 59. Bg2 Rf6 60. Rc3+ Kd2 61. Rf3 Re6 62. b7 Re1+ 63. Rf1 Re8 64. Rb1 Rb8 65. a6 Re8 66. a7 Re1+ 67. Rxe1 Kxe1 68. b8=Q f5 69. Qe5+ Kd2 70. a8=Q f4 71. Qad5+ Kc1 72. Qe1+ Kb2 73. Qb5+ Kc2 74. Qeb1+ Kd2 75. Q5d3# 1-0


[Site "https://www.chess.com"]

[Event "Titled Tuesday Blitz January 18 2022"]
[White "Erdogdu, Mert"]
[Black "Bluebaum, Matthias"]
[WhiteFideId "6301495"]
[BlackFideId "24651516"]
[WhiteElo "2485"]
[BlackElo "2550"]
[Result "0-1"]
[Round "03"]
[TimeControl "180+1"]
[Date "2022.01.18"]
[WhiteClock "0:00:05"]
[BlackClock "0:00:10"]

1. e4 e6 2. d4 d5 3. exd5 exd5 4. c4 Bb4+ 5. Nc3 Ne7 6. Bd3 Nbc6 7. Ne2 O-O 8. O-O dxc4 9. Bxc4 Bg4 10. a3 Ba5 11. h3 Bh5 12. Bg5 Kh8 13. Qa4 Bb6 14. Rad1 f6 15. Bf4 a6 16. d5 Ne5 17. Ba2 Nc8 18. Rd2 Nd6 19. Bh2 Qe8 20. Qc2 Bg6 21. Qc1 Ndc4 22. Rdd1 Nd3 23. Rxd3 Bxd3 24. Re1 Bxe2 25. Rxe2 Ne5 26. Kh1 Qd7 27. f4 Nf7 28. Re6 f5 29. Qc2 Nd6 30. Bg3 Rae8 31. Ne2 Ne4 32. Be1 Nc5 33. Re5 Qb5 34. Ng1 Qf1 35. Qf2 Qxf2 36. Bxf2 Nd3 37. Bxb6 Nxe5 38. fxe5 cxb6 39. Nf3 Rd8 40. e6 Rfe8 41. Ne5 Kg8 42. Nf7 Kf8 43. d6 Rxd6 44. Nxd6 Rd8 45. Nxf5 Rd1+ 46. Kh2 g6 47. Ng3 Ke7 48. a4 Rd2 49. Bc4 Rxb2 50. Bd5 b5 51. a5 b4 52. Ne4 b3 53. Nc5 Ra2 54. Nxb3 Ra3 55. Kg3 Kd6 56. Kg4 Kxd5 57. e7 Ra4+ 58. Kf3 Re4 59. Nc5 Rxe7 60. Nd3 Kd4 61. Nf4 Re3+ 62. Kg4 Ra3 63. Kg5 Rxa5+ 64. Kh6 Rf5 65. Ne6+ Ke5 66. Nc7 Rh5+ 67. Kg7 a5 68. Nb5 a4 69. Nc3 a3 70. g4 Rxh3 71. Nb5 a2 0-1


[Site "https://www.chess.com"]

[Event "Titled Tuesday Blitz January 18 2022"]
[White "Evdokimov, Alexander A."]
[Black "Albornoz Cabrera, Carlos Daniel"]
[WhiteFideId "4139275"]
[BlackFideId "3518736"]
[WhiteElo "2444"]
[BlackElo "2490"]
[Result "0-1"]
[Round "03"]
[TimeControl "180+1"]
[Date "2022.01.18"]
[WhiteClock "0:00:18"]
[BlackClock "0:00:28"]

1. Nf3 d5 2. g3 Nf6 3. Bg2 Bf5 4. O-O h6 5. d3 e6 6. c4 c6 7. Qb3 Qb6 8. Nc3 Nbd7 9. Be3 Bc5 10. Bxc5 Nxc5 11. Qa3 a5 12. Rac1 dxc4 13. dxc4 Qb4 14. Nd4 Qxa3 15. bxa3 Bg6 16. Nb3 Nfd7 17. Rfd1 Ke7 18. f4 Rhd8 19. Kf2 a4 20. Nd2 Nb6 21. Ke1 Rd7 22. Nce4 Bxe4 23. Bxe4 Rxd2 24. Rxd2 Nxe4 25. Rb2 Nd7 26. Rxb7 Nc5 27. Rb4 g5 28. Rd1 gxf4 29. gxf4 Rg8 30. Kf2 h5 31. Kf3 h4 32. e4 h3 33. Rb2 f6 34. Re1 e5 35. f5 Kd6 36. Rd1+ Kc7 37. Re1 Nd3 38. Rd1 Nxb2 0-1


[Site "https://www.chess.com"]

[Event "Titled Tuesday Blitz January 18 2022"]
[White "FGHSMN"]
[Black "Nilsen, Tobias Lang"]
[BlackFideId "1521624"]
[WhiteElo "2743"]
[BlackElo "2013"]
[Result "1-0"]
[Round "03"]
[TimeControl "180+1"]
[Date "2022.01.18"]
[WhiteClock "0:00:14"]
[BlackClock "0:00:02"]

1. b3 e5 2. Bb2 Nc6 3. c4 Nf6 4. e3 d5 5. cxd5 Nxd5 6. a3 Be6 7. Qc2 Bd6 8. Nf3 O-O 9. d3 f5 10. Nbd2 Qf6 11. Be2 Rae8 12. Nc4 g5 13. d4 e4 14. Nfe5 Nce7 15. O-O-O b5 16. Nd2 b4 17. a4 Nc3 18. Bxc3 bxc3 19. Qxc3 Nd5 20. Qb2 Rb8 21. Ndc4 Nb6 22. Qc2 Nxc4 23. Bxc4 Bxe5 24. dxe5 Qxe5 25. Rd4 c5 26. Bxe6+ Qxe6 27. Rc4 Rb4 28. Rd1 Rfb8 29. Rxb4 cxb4 30. Qc7 Rc8 31. Rd8+ Rxd8 32. Qxd8+ Kf7 33. Qxg5 Qc6+ 34. Kb1 Qd5 35. Qh5+ Kg7 36. Kc1 Qc5+ 37. Kd1 Qd5+ 38. Ke1 Qc5 39. Qd1 Qc3+ 40. Kf1 a5 41. g3 Kg6 42. h4 h5 43. Kg2 Kf6 44. Qd6+ Kf7 45. Qd5+ Kf6 46. Qd8+ Kf7 47. Qg5 Qxb3 48. Qxf5+ Kg7 49. Qg5+ Kf7 50. Qxh5+ Ke6 51. Qxa5 Qc4 52. Qb6+ Kd5 53. a5 b3 54. a6 b2 55. a7 Qc6 56. Qxc6+ Ke5 57. a8=Q Kf5 58. Qf8+ Ke5 59. Qff6# 1-0


[Site "https://www.chess.com"]

[Event "Titled Tuesday Blitz January 18 2022"]
[White "Fawzy, Adham"]
[Black "Nozdrachev, Leonid"]
[WhiteFideId "10613129"]
[BlackFideId "24113433"]
[WhiteElo "2510"]
[BlackElo "2124"]
[Result "1-0"]
[Round "03"]
[TimeControl "180+1"]
[Date "2022.01.18"]
[WhiteClock "0:01:13"]
[BlackClock "0:00:03"]

1. e4 d6 2. c4 c5 3. Nc3 g6 4. g3 Bg7 5. Bg2 Nc6 6. Nge2 h5 7. h3 Nf6 8. d3 Nd7 9. Be3 Nd4 10. O-O Nf8 11. f4 Nxe2+ 12. Nxe2 Bxb2 13. Rb1 Bg7 14. d4 Ne6 15. d5 Nd4 16. Nxd4 cxd4 17. Bxd4 Bxd4+ 18. Qxd4 Rg8 19. e5 b6 20. e6 fxe6 21. Rbe1 Qc7 22. Kh2 h4 23. g4 Qc5 24. Qd3 Bd7 25. Be4 O-O-O 26. Bxg6 exd5 27. cxd5 Bb5 28. Qb3 Bxf1 29. Bf5+ Kb8 30. Rxf1 Rdf8 31. Be6 Rg7 32. f5 Qd4 33. Qf3 Qe5+ 34. Qf4 Qb2+ 35. Qf2 Qe5+ 36. Qf4 Qb2+ 37. Rf2 Qc3 38. g5 Rfg8 39. Rg2 1-0


[Site "https://www.chess.com"]

[Event "Titled Tuesday Blitz January 18 2022"]
[White "Firat, Burak"]
[Black "Onyshchuk, Volodymyr"]
[WhiteFideId "6305881"]
[BlackFideId "14114038"]
[WhiteElo "2419"]
[BlackElo "2642"]
[Result "1/2-1/2"]
[Round "03"]
[TimeControl "180+1"]
[Date "2022.01.18"]
[WhiteClock "0:00:19"]
[BlackClock "0:00:10"]

1. Nf3 g6 2. c4 Bg7 3. g3 d6 4. Bg2 Nf6 5. Nc3 O-O 6. O-O Nc6 7. d3 e5 8. Rb1 a5 9. a3 Re8 10. Bg5 h6 11. Bxf6 Bxf6 12. b4 axb4 13. axb4 Bg7 14. b5 Ne7 15. e3 c6 16. Qb3 Be6 17. bxc6 bxc6 18. Qb6 Qxb6 19. Rxb6 Reb8 20. Rxb8+ Rxb8 21. Ne4 Nc8 22. Nfd2 f5 23. Nc3 Ne7 24. Rb1 Rxb1+ 25. Ncxb1 Kf7 26. Kf1 Ke8 27. Ke2 g5 28. h3 h5 29. Na3 g4 30. hxg4 hxg4 31. Nc2 Kd7 32. f3 gxf3+ 33. Nxf3 Bf6 34. Bh3 d5 35. cxd5 cxd5 36. d4 e4 37. Nh4 Kd6 38. Ng2 Bc8 39. Nb4 Be6 40. Nf4 Bf7 41. Na2 Kc6 42. Nc3 Bg5 43. Kd2 Bh6 44. Nce2 Kd6 45. Ng2 Bh5 46. Nef4 Bg4 47. Bxg4 fxg4 48. Ke2 Nf5 49. Kf2 Bf8 50. Ne2 Kc6 51. Nh4 Nh6 52. Ng6 Bb4 53. Ne5+ Kd6 54. Nf4 Bc3 55. Nh5 Ke6 56. Ng7+ Kf6 57. Ne8+ Ke6 58. Nc7+ Kf5 59. Nxd5 Ba5 60. Ne7+ Ke6 61. N7g6 Bc7 62. Nf4+ Kf5 63. Nc4 Nf7 64. Nd5 Bb8 65. Ne7+ Ke6 66. Ng6 Nh6 67. Nf4+ Kf5 68. Nb6 Nf7 69. Nbd5 Bd6 70. Nb6 Ng5 71. Nc4 Bc7 72. Ke2 Nf3 73. Nd2 Bxf4 74. exf4 Nxd4+ 75. Kf2 Nc2 76. Nc4 Ke6 77. Ne3 Nxe3 78. Kxe3 Kd5 79. f5 Ke5 80. f6 Kxf6 81. Kxe4 Kg6 82. Kf4 Kf6 83. Kxg4 Kg6 84. Kf4 Kf6 85. g4 Kg6 86. Kf3 Kg7 87. Kg3 Kg6 88. Kh4 Kh6 89. g5+ Kg6 90. Kg4 Kg7 91. Kf5 Kf7 92. g6+ Kg7 93. Kg5 Kg8 94. Kh6 Kh8 95. Kh5 Kg7 96. Kg5 Kg8 97. Kf6 Kf8 98. g7+ Kg8 99. Kg6 1/2-1/2


[Site "https://www.chess.com"]

[Event "Titled Tuesday Blitz January 18 2022"]
[White "Gabdushev, Ruslan"]
[Black "Donchenko, Alexander"]
[WhiteFideId "4137833"]
[BlackFideId "24603295"]
[WhiteElo "2312"]
[BlackElo "2539"]
[Result "0-1"]
[Round "03"]
[TimeControl "180+1"]
[Date "2022.01.18"]
[WhiteClock "0:00:09"]
[BlackClock "0:00:37"]

1. b3 Nf6 2. Bb2 g6 3. Bxf6 exf6 4. e3 Bg7 5. g3 O-O 6. Bg2 d5 7. d4 c6 8. Nd2 a5 9. a4 Na6 10. Ne2 Bg4 11. h3 Bf5 12. g4 Bd7 13. c4 Nb4 14. Kf1 dxc4 15. bxc4 f5 16. Nf4 fxg4 17. hxg4 Qg5 18. Bf3 c5 19. Ne4 Qe7 20. Nxc5 Bc6 21. Bxc6 bxc6 22. Qf3 Rad8 23. Kg2 Rfe8 24. Rad1 Qg5 25. Nh3 Qe7 26. g5 Rf8 27. Qg3 f6 28. Nf4 Rd6 29. Qh3 fxg5 30. Qxh7+ Kf7 31. Nh5 gxh5 32. Rxh5 Rg6 33. Rdh1 Rh8 34. Qxh8 Bxh8 35. Rxh8 Nd3 36. Nxd3 Qe4+ 37. Kg3 Qxd3 38. R1h7+ Rg7 39. Rh6 Qxc4 40. Rc8 Rg6 41. Rc7+ Kf6 42. Rhh7 Kf5 43. Rhf7+ Ke4 44. Rfe7+ Kd3 45. Re5 Qxa4 46. d5 Qh4+ 47. Kg2 Qg4+ 48. Kf1 Rh6 0-1


[Site "https://www.chess.com"]